 BcadrenCrawl: Boulder Brew version 0.05.31-5-gc155987a54 (webtiles) character file.

Game seed: 13113731716615085625, levelgen mode: deterministic

273 MisterOstroum the Magician (level 6, 48/48 HPs) Immature Draconian Wizard. Began on May 1, 2021. Quit the game on level 2 of the Dungeon on Sept 19, 2021. The game lasted 00:07:00 (1281 turns).

MisterOstroum the Magician (DrWz)                   Turns: 1281, Time: 00:07:00

Health: 48/48      AC:  7    Str: 10    XL:     6 ^: 342
Magic:  12/12      EV: 12    Int: 20    God:
Gold:   102        SH:  0    Dex:  9    Spells: 8/13 levels left

rFire    . . .     Vision   .   a - +0 hunting sling
rCold    . . .     Gourm    .   b - +0 spear
rNeg     . . .     Faith    .   (armour unavailable)
rCorr    . . .     Spirit   .   g - +0 hat
rPois    .         Reflect  .   (no cloak)
rElec    .         Harm     .   (no gloves)
MR       .....                  (no boots)
Stlth    +.........             (no amulet)
HPRegen  0.26/turn              (no ring)
MPRegen  0.22/turn              (no ring)

@: no status effects
A: deformed body 2, cold-blooded, AC +7
a: Breathe Dart


You were on level 2 of the Dungeon.
You were not hungry.

You visited 1 branch of the dungeon, and saw 2 of its levels.

You collected 102 gold pieces.

Inventory:

Weapons
 a - a +0 hunting sling (weapon)
 b - a +0 spear (weapon)
 l - a +0 whip
Armour
 g - a +0 hat (worn)
Scrolls
 c - 2 scrolls of vulnerability
 d - a scroll of summoning
 h - a scroll of torment
 k - a scroll of teleportation {@r3 !r}
Potions
 i - a potion of might {@q3 !q}
 j - 2 potions of haste {@q4 !q}
Comestibles
 e - 4 rations
 f - 4 chunks of flesh


   Skills:
 + Level 1.9 Fighting
 - Level 4.0 Slings
 - Level 1.5 Dodging
 - Level 1.4 Stealth
 - Level 4.0 Spellcasting
 - Level 1.5 Summonings
 - Level 0.7 Translocations
 * Level 2.0 Fire Magic


You had 8 spell levels left.
You knew the following spells:

 Your Spells              Type           Power        Failure   Level  Hunger
a - Flame Tongue          Fire           12 (30)      5%          1    0
b - Call Imp Summ 10 (100) 11% 2 0-40 B - Blink Tloc           N/A          14%         2    0-40

Your spell library contained the following spells:

 Spells                   Type           Power        Failure   Level  Hunger
 Conjure Flame Fire 12 (100) 17% 3 40-100 Slow Hex 4 (100) 19% 2 0-40 Mephitic Cloud Pois/Air       4 (100)      36%         3    40-100


Dungeon Overview and Level Annotations

Branches:
Dungeon (2/8)

Altars:
Ashenzari


Innate Abilities, Weirdness & Mutations

Your plain brown scales are resilient. (AC +7)
You can breathe rudimentary magical darts.
You cannot wear any armour on your peculiar form.
You are cold-blooded and are slowed more easily by cold attacks.


Message History

You kill the jelly!
Training target 4.0 for Slings reached!
Your Slings skill increases to level 4!
You have reached level 6!
Your experience leads to an increase in your attributes!
Increase (S)trength, (I)ntelligence, or (D)exterity?
You feel clever.
Your scales feel tougher.
There is an open door here.
You see here an adder corpse.
You butcher the adder corpse.
f - a chunk of flesh You see here an adder skeleton.
You see here a rat corpse.
You butcher the rat corpse.
f - 2 chunks of flesh (gained 1)
You see here a rat skeleton.
There is a stone staircase leading down here.
You start waiting.
HP restored.
You start waiting.
Magic restored.
You can't go up here!
You climb downwards.
There is a stone staircase leading up, spattered with blood here.
Unknown command.
Aiming:
a - a +0 hunting sling, Range: 3 (75%)
Press: ? - help, Shift-Dir - straight line, f - kobold
Aim: a kobold, wielding a +0 club (healthy (3/3))
You shoot a sling bullet.
The sling bullet closely misses the kobold (0).
Attack whom?
Press: ? - help, Dir - move target cursor, f/p - kobold
Aim: a kobold, wielding a +0 club (healthy (3/3))
You reach to attack!
You barely miss the kobold.
Casting: Flame Tongue (safe; 5% risk of failure)
Confirm with . or Enter, or press ? or * to list all spells.
Aiming: Flame Tongue (safe; 5% risk of failure)
Press: ? - help, Shift-Dir - straight line, f/p - kobold
Aim: a kobold, wielding a +0 club (healthy (3/3))
The flame tongue hits the kobold (1).
The kobold is moderately wounded. (2/3) HP The kobold is engulfed in a cloud of scalding steam (5).
You kill the kobold!
You hear a splash.
Casting: Flame Tongue (safe; 5% risk of failure)
Confirm with . or Enter, or press ? or * to list all spells.
You can't see any susceptible monsters within range! (Use Z to cast anyway.) Unknown command.
Unknown command.
You enter the shallow water.
Moving in this stuff is going to be slow.
You see here a ball python corpse.
You butcher the ball python corpse.
You hear a splash.
f - 3 chunks of flesh (gained 1)
You see here a ball python skeleton.
Found 6 gold pieces.
You enter the shallow water.
Moving in this stuff is going to be slow.
A cinder newt comes into view.
Do you really want to walk into deep water?
Okay, then.
Unknown command.
Aiming:
a - a +0 hunting sling, Range: 3 (75%)
Press: ? - help, Shift-Dir - straight line, f - cinder newt
Aim: a cinder newt (healthy (12/12), resting)
You shoot a sling bullet.
The sling bullet strikes the cinder newt (6).
The cinder newt hisses angrily.
The cinder newt is heavily wounded. (6/12) HP You hit the cinder newt (6).
You kill the cinder newt!
No target in view!
You see here a cinder newt corpse.
You butcher the cinder newt corpse.
f - 4 chunks of flesh (gained 1)
You see here a cinder newt skeleton.
Found a scroll of fear.
You now have 102 gold pieces (gained 6).
You enter the shallow water.
Moving in this stuff is going to be slow.
You miss the giant blowfly.
You enter the shallow water.
Moving in this stuff is going to be slow.
There is a stone staircase leading up here.
Things that are here:
a +0 short sword; a big kobold corpse You enter the shallow water.
Moving in this stuff is going to be slow.
Items here: ))) ††† You see here a kobold corpse.
A cinder newt comes into view.
The cinder newt hisses angrily.
You see here a kobold corpse.
A cinder newt is nearby!
A cinder newt is nearby!
Saving game... please wait.
Welcome back, MisterOstroum the Immature Draconian Wizard.
Press ? for a list of commands and other information.
Are you sure you want to abandon this character and quit the game? (Confirm with "yes".)

8≈≈.8##≈.≈≈≈≈≈#
.....##..≈≈≈≈≈#
....._#..≈≈≈≈≈#
.....##≈≈≈≈≈≈≈#
8...8##.≈≈≈≈≈≈#
##8###≈≈.÷≈≈≈.#
######≈#≈≈.<.≈.≈#
###≈..≈.≈#.)≈)≈≈≈≈#
.≈.......@)..≈≈≈≈≈#
...≈#.≈.≈≈.≈≈≈b≈PP;#
# ##≈≈≈#≈≈≈≈≈≈≈P##
#####≈≈≈≈≈≈Pb#
#≈≈≈≈≈≈PP#
#≈≈≈b≈≈PP# ..l≈≈≈PP.
..≈P≈P.


You could see a submerged cinder newt.

Vanquished Creatures
  A water moccasin (D:2)
  A big kobold (D:2)
  A jelly (D:1)
  A giant cockroach (D:1)
  An adder (D:1)
  2 cinder newts
  5 dart slugs (D:1)
  A leopard gecko (D:1)
  3 bats (D:1)
  A goblin (D:1)
  A hobgoblin (D:1)
  6 kobolds
  2 ball pythons
  10 rats
  A withered plant (D:2)
37 creatures vanquished.

Vanquished Creatures (others)
  10 withered plants (D:2)
10 creatures vanquished.

Grand Total: 47 creatures vanquished

Notes
Turn   | Place    | Note
-------+----------+-------------------------------------------
     0 | D:1      | MisterOstroum the Immature Draconian Wizard began the quest
                  | for the Orb.
     0 | D:1      | Reached XP level 1. HP: 14/14 MP: 5/5
    61 | D:1      | Reached skill level 1 in Fire Magic
   169 | D:1      | Reached XP level 2. HP: 17/20 MP: 7/7
   176 | D:1      | Learned a level 2 spell: Blink
   179 | D:1      | Learned a level 2 spell: Call Imp
   425 | D:1      | Reached skill level 1 in Slings
   425 | D:1      | Reached XP level 3. HP: 26/26 MP: 8/8
  1030 | D:2      | Noticed a water moccasin
  1039 | D:2      | Killed a water moccasin
  1039 | D:2      | Reached XP level 4. HP: 14/33 MP: 3/10
  1039 | D:2      | Reached XP level 5. HP: 17/38 MP: 3/11
  1136 | D:2      | Found a shattered altar of Ashenzari.
  1144 | D:2      | Reached skill level 1 in Fighting
  1183 | D:1      | Reached XP level 6. HP: 37/48 MP: 0/12
  1281 | D:2      | Upgraded the game from 0.04.2-10-g17648f679b to
                  | 0.05.31-5-gc155987a54
  1281 | D:2      | Quit the game

Levels and vault maps discovered:
D:1:      lemuel_arrival_muddy, layout_basic, minmay_cut_off
D:2:      layout_sewer, nicolae_overflow_hidden_temple, fedhas_altar_4,
          serial_column_ruins, column_ruins_open_large,
          column_ruins_corridor_dead_end, column_ruins_open_tiny,
          column_ruins_columns_corner, uniq_eustachio

Skill      XL: |  1  2  3  4  5 |
---------------+----------------+-----
Fire Magic     | 1 2 |  2.0
Slings         | 1 3 4 |  4.0
Fighting       | 1 |  1.9
Dodging        | |  1.5
Stealth        | |  1.4
Spellcasting   | |  4.0
Summonings     | |  1.5
Translocations | |  0.7

Action                   |  1- 3 |  4- 6 || total
-------------------------+-------+-------++-------
Melee: Unarmed           |    86 |       ||    86
       Whip              |     7 |       ||     7
       Spear             |     1 |     3 ||     4
 Fire: Hunting sling     |    19 |     2 ||    21
Throw: Bone              |     3 |       ||     3
       Skull             |     2 |       ||     2
       Stone             |     2 |       ||     2
       Rusty metal       |     1 |       ||     1
 Cast: Flame Tongue      |    23 |    21 ||    44
 Stab: Sleeping          |     1 |       ||     1
  Eat: Chunk             |       |     1 ||     1
Armor: Skin              |    11 |     8 ||    19
Dodge: Dodged            |    40 |    29 ||    69
